 Dungeon Crawl Stone Soup version 0.27-a0-1200-g94dc6ad4cf (webtiles) character file.

Game seed: 4671227298425532606

162 Conn the Firebug (level 5, 0/28 HPs)
             Began as a Deep Elf Fire Elementalist on May 30, 2021.
             Slain by Sigmund
             ... wielding a +4 scythe of freezing
              (4 damage)
             ... on level 3 of the Dungeon.
             The game lasted 00:05:55 (3286 turns).

Conn the Firebug (Deep Elf Fire Elementalist)       Turns: 3286, Time: 00:05:56

Health: 0/28       AC:  2    Str:  5    XL:     5   Next: 19%
Magic:  12/13      EV: 13    Int: 21    God:
Gold:   85         SH:  0    Dex: 15    Spells: 5/12 levels left

rFire    . . .     SeeInvis .   a - +4 short sword (speed)
rCold    . . .     Faith    .   (no shield)
rNeg     . . .     Spirit   .   g - +0 robe
rPois    .         Reflect  .   (no helmet)
rElec    .         Harm     .   (no cloak)
rCorr    .         Rampage  .   (no gloves)
Will     .....                  (no boots)
Stlth    ++........             (no amulet)
HPRegen  0.09/turn              (no ring)
MPRegen  0.13/turn              (no ring)

@: mighty
A: no striking features
a: no special abilities


You were on level 3 of the Dungeon.
You visited 1 branch of the dungeon, and saw 3 of its levels.

You collected 85 gold pieces.

Inventory:

Hand Weapons
 a - a +4 short sword of speed (weapon)
 b - a +0 fustibalus
 e - a +0 short sword
Missiles
 f - 14 sling bullets
Armour
 g - a +0 robe (worn)
Wands
 i - a wand of flame (10)
Scrolls
 c - a scroll of teleportation {unknown}
 h - a scroll of identify {unknown}
 j - a scroll of torment {unknown}
 k - a scroll of immolation {unknown}
 m - a scroll of magic mapping {unknown}


   Skills:
 * Level 0.8 Fighting
 * Level 0.9 Short Blades
 + Level 3.0 Dodging
 + Level 2.8 Stealth
 + Level 4.0 Spellcasting
 + Level 2.9 Conjurations
 + Level 4.5 Fire Magic


You had 5 spell levels left.
You knew the following spells:

 Your Spells              Type           Power      Damage    Failure   Level
a - Foxfire               Conj/Fire      76%        2x1d7     2%          1
b - Conjure Flame         Conj/Fire      19%        6-21      8%          3
c - Inner Flame           Hex/Fire       13%        N/A       14%         3

Your spell library contained the following spells:

 Spells                   Type           Power      Damage    Failure   Level
 Beastly Appendage        Tmut           8%         N/A       12%         1
 Wereblood                Tmut           4%         N/A       19%         2
 Sticky Flame             Conj/Fire      19%        2d4       26%         4
 Spider Form              Tmut/Pois      2%         N/A       34%         3
 Fireball                 Conj/Fire      9%         3d6       56%         5
 Ice Form                 Ice/Tmut       4%         N/A       75%         4
 Hydra Form               Tmut           2%         N/A       97%         5


Dungeon Overview and Level Annotations

Branches:
Dungeon (3/15)

Altars:

Annotations:
D:3 Sigmund


Message History

You resist with some effort.
You hear a shout!
Casting: Foxfire (safe; 2% risk of failure)
Confirm with . or Enter, or press ? or * to list all spells.
Okay, then.
Casting: Foxfire (safe; 2% risk of failure)
Confirm with . or Enter, or press ? or * to list all spells.
You conjure some foxfire!
Sigmund points at you and mumbles some strange words.
You are confused.
It was a potion of might.
You feel very mighty all of a sudden.
Your foxfire dissipates!
It was a potion of curing.
You feel better.
Your foxfire dissipates!
Casting: Foxfire (safe; 2% risk of failure)
Confirm with . or Enter, or press ? or * to list all spells.
You conjure some foxfire!
The foxfire hits Sigmund.
Sigmund is moderately wounded.
The foxfire hits Sigmund.
Sigmund is moderately wounded.
Sigmund hits you with a +4 scythe of freezing.
Sigmund freezes you.
A jackal comes into view.
You closely miss Sigmund.
Sigmund is moderately wounded.
The jackal barks!
You hear an angry hiss. x2; You hear a bark!
Sigmund barely misses you.
The jackal barks!
You puncture Sigmund!
Sigmund is severely wounded.
Sigmund hits you with a +4 scythe of freezing.
Sigmund freezes you.
You hit Sigmund.
Sigmund is almost dead.
Sigmund hits you with a +4 scythe of freezing!
* * * LOW HITPOINT WARNING * * *
Sigmund freezes you.
You die...

##......<....## ##............##
#..#......)...#.
##.##............
###..##............ ########
######...###............
.......###...........).......####
#.......###......รท..#.##.##
#............@......#.##.#####
#......####.@g......#.##......
####......####h...##.......#####.
......#..###...#.##......#.#####.
.####.##..#.h##..#..##.###.....##
#.###.......#..###.# #####<..
#.###S...####.## #.### ####
#>##....## #.# #...# #.#....##
#.# ###.#


You could see Sigmund, 2 jackals, a hobgoblin and a ball python.

Vanquished Creatures
  A centaur skeleton (D:3)
  Jessica (D:2)
  Terence (D:2)
  An adder (D:2)
  3 worms
  An orc (D:3)
  3 endoplasms
  2 giant cockroaches (D:1)
  6 goblins
  7 hobgoblins
  4 jackals (D:3)
  3 quokkas
  6 ball pythons
  4 bats
  8 frilled lizards
  6 kobolds
  7 rats
64 creatures vanquished.

Vanquished Creatures (collateral kills)
  A foxfire (D:1)
1 creature vanquished.

Vanquished Creatures (others)
  211 foxfires
211 creatures vanquished.

Grand Total: 276 creatures vanquished

Notes
Turn   | Place    | Note
-------+----------+-------------------------------------------
     0 | D:1      | Conn the Deep Elf Fire Elementalist began the quest for the
                  | Orb.
     0 | D:1      | Reached XP level 1. HP: 10/10 MP: 6/6
   211 | D:1      | Reached XP level 2. HP: 15/15 MP: 2/8
   833 | D:1      | Found a faded altar of an unknown god.
   838 | D:1      | Reached XP level 3. HP: 19/19 MP: 7/9
  1334 | D:1      | Learned a level 3 spell: Conjure Flame
  1338 | D:1      | Learned a level 3 spell: Inner Flame
  1369 | D:2      | Noticed Jessica
  1909 | D:2      | Noticed Terence
  1930 | D:2      | Killed Terence
  1931 | D:2      | Reached XP level 4. HP: 24/24 MP: 0/11
  2086 | D:2      | Killed Jessica
  3226 | D:3      | Reached XP level 5. HP: 26/28 MP: 9/13
  3268 | D:3      | Noticed Sigmund
  3286 | D:3      | Slain by Sigmund

Illustrated notes

Levels and vault maps discovered:
D:1:      dpeg_arrival_solitude, layout_basic,
          ebering_ecumenical_altar_petrified, minmay_heptomino_w4
D:2:      layout_loops_ring, minmay_ruptured, uniq_terence, uniq_jessica
D:3:      layout_rooms, okawaru_metal_pillars_1_2, grunt_temple_overflow_open,
          uniq_crazy_yiuf_cottage, uniq_sigmund, uniq_robin

Skill      XL: |  1  2  3  4 |
---------------+-------------+-----
Fire Magic     | 4 |  4.5
Conjurations   | 2 |  2.9
Dodging        | 3 |  3.0
Spellcasting   | 4 |  4.0
Fighting       | |  0.8
Short Blades   | |  0.9
Stealth        | |  2.8

Action                   |  1- 3 |  4- 6 || total
-------------------------+-------+-------++-------
Melee: Unarmed           |     1 |       ||     1
       Short sword       |     5 |     7 ||    12
 Cast: Foxfire           |    67 |    56 ||   123
       Conjure Flame     |     1 |       ||     1
  Use: Potion            |     2 |     2 ||     4
 Stab: Sleeping          |     1 |     1 ||     2
Armor: Robe              |     3 |     6 ||     9
Dodge: Dodged            |    15 |    17 ||    32

Table legend: (Time is in decaauts)
 A = Elapsed time spent in this place.
 B = Non-inter-level travel time spent in this place.
 C = Inter-level travel time spent in this place.
 D = Time resting spent in this place.
 E = Time spent auto-exploring this place.
 F = Levels seen in this place.
 G = Mean time per level.
                   A        B        C        D        E       F      G
               +--------+--------+--------+--------+--------+-----+--------+
         Total |   3285 |   3223 |     62 |    153 |   2451 |   3 | 1095.0 |
       Dungeon |   3285 |   3223 |     62 |    153 |   2451 |   3 | 1095.0 |
               +--------+--------+--------+--------+--------+-----+--------+

Top non-repeatable levels by time:
     D:1: 1569 daAuts
     D:2: 1448 daAuts
     D:3: 267 daAuts
